Match 46967609
Unlisted

Match 46967609
End
Construct Section Command Post
Royal Engineer Section
Selects Indian Artillery Battlegroup
Infantry Section
Dingo Light Scout Car
Construct Field Infirmary
Grenade Package
Vickers Machine Gun Team
Infantry Section
Construct Platoon Command Post
Selects Valour
Unlock Bishop Self-propelled Artillery
6-pounder Anti-tank Gun Team
Selects Artillery Saturation
Bishop Self-propelled Artillery
Selects Gurkha Rifles Section
Gurkha Rifles Section
Construct Company Command Post
Selects Pillage
Vickers Machine Gun Team
Vickers Machine Gun Team
Matilda II Heavy Tank
NooJ
mendaciouspolyglot
Zyllen
Grover the Trash Hermit
0
0

Comments sign in to comment!

No comments posted yet!